AoeStats
← Istota Zbita

Arena

506479654Analyzed
1v1 RM · 20d ago on Sep 13, 2026· 59m 24s· 2 players
Game mode
Random Map
Map size
Tiny (2 player)
Population
200
Speed
Normal
Resources
Standard
Victory
Conquest
Starting age
Dark Age
Ending age
Imperial Age
RankedLock teamsTeams togetherTeam positionsShared explorationLock speedFull tech treeHidden civsTurbo modeCheats
Victory
Defeat
🇩🇪 Lithuanians · Germany
721
+18
🇵🇱 Burgundians · Poland
760
-40
Jumala
10:18 Feudal Age
12:32 Loom
15:26 Castle Age
13:32 Horse Collar
14:28 Double-Bit Axe
20:29 Fletching
21:41 Elite Skirmisher
24:00 Ballistics
26:05 Scale Barding Armor
26:11 Forging
26:03 Padded Archer Armor
25:58 Bodkin Arrow
26:40 Husbandry
26:50 Bloodlines
26:51 Heavy Plow
27:28 Gold Mining
28:11 Bow Saw
28:09 Town Watch
28:20 Stone Mining
29:56 Wheelbarrow
30:46 Leather Archer Armor
31:30 Town Patrol
32:21 Chain Barding Armor
33:25 Iron Casting
37:10 Imperial Age
35:37 Stone Shaft Mining
39:00 Murder Holes
40:06 Chemistry
39:08 Cavalier
40:19 Ring Archer Armor
39:50 Bracer
40:26 Plate Barding Armor
42:14 Hand Cart
43:36 Paladin
46:41 Tower Shields
48:33 Sanctity
48:30 Fervor
48:52 Illumination
48:49 Block Printing
51:06 Coinage
50:08 Elite Leitis
54:59 Conscription
Istota Zbita
0:31 Loom
6:39 Double-Bit Axe
9:29 Loom
11:24 Feudal Age
10:31 Horse Collar
12:40 Bow Saw
12:43 Heavy Plow
14:23 Wheelbarrow
16:00 Hand Cart
19:20 Castle Age
21:33 Two-Man Saw
21:30 Forging
23:35 Town Watch
25:56 Crop Rotation
26:40 Pikeman
27:21 Gold Mining
27:22 Stone Mining
28:47 Town Patrol
29:41 Burgundian Vineyards
33:00 Cavalier
35:11 Fletching
35:27 Scale Barding Armor
37:27 Gold Shaft Mining
37:13 Scale Mail Armor
37:11 Murder Holes
37:40 Ballistics
41:39 Imperial Age
39:34 Husbandry
40:30 Guard Tower
40:54 Masonry
41:46 Chain Barding Armor
42:03 Iron Casting
41:58 Devotion
43:38 Chemistry
42:04 Paladin
44:15 Plate Barding Armor
43:24 Halberdier
48:12 Faith
49:01 Blast Furnace
48:05 Padded Archer Armor
49:38 Bodkin Arrow
52:12 Architecture
52:28 Bracer
52:44 Leather Archer Armor
54:25 Chain Mail Armor
58:23 Light Cavalry
Connection lost

Rejoining the realm…

Still unreachable

The connection could not be restored.

Session expired

The server has moved on; the page needs a fresh start.